 Dungeon Crawl Stone Soup version 0.29-a0-321-gf1c400731a (webtiles) character file.

Game seed: 6016782071516166319

2228 zishaf the Covert (level 9, -6/49 HPs)
             Began as a Vine Stalker Brigand on Apr 4, 2022.
             Mangled by a shadow (17 damage)
             ... on level 6 of the Dungeon.
             The game lasted 00:13:10 (6661 turns).

zishaf the Covert (Vine Stalker Brigand)            Turns: 6661, Time: 00:13:11

Health: -6/49      AC: 10    Str: 18    XL:     9   Next: 36%
Magic:  0/10       EV: 26    Int: 11    God:
Gold:   242        SH:  0    Dex: 16    Spells: 8/8 levels left

rFire   . . .      SeeInvis .   a - +1 rapier (venom)
rCold   . . .      Faith    .   (no shield)
rNeg    . . .      Spirit   +   w - +3 leather armour {Will+}
rPois   .          Reflect  .   (no helmet)
rElec   .          Harm     .   A - +2 cloak
rCorr   .          Rampage  .   m - +0 pair of gloves
Will    ++...                   (no boots)
Stlth   ++++......              n - amulet of the acrobat
HPRegen 0.96/turn               (no ring)
MPRegen 0.12/turn               (no ring)

@: acrobatic
A: fangs 3, regeneration 1, magic shield, antimagic bite, no potion heal 2
a: no special abilities


You were on level 6 of the Dungeon.
You visited 1 branch of the dungeon, and saw 6 of its levels.

You collected 242 gold pieces.

Inventory:

Hand Weapons
 a - a +1 rapier of venom (weapon)
 b - a +0 hunting sling
 t - a +2 dagger of draining
Missiles
 d - 20 poisoned darts (quivered)
 e - 4 curare-tipped darts
Armour
 c - a +2 robe of fire resistance
 m - a +0 pair of gloves (worn)
 w - a +3 leather armour of willpower (worn)
 A - a +2 cloak (worn)
Jewellery
 j - a ring of ice
 n - an amulet of the acrobat (around neck)
Wands
 z - a wand of mindburst (9)
Scrolls
 g - 3 scrolls of enchant armour
 o - a scroll of brand weapon
 q - a scroll of fog
 r - a scroll of fear
 s - 3 scrolls of amnesia
 y - a scroll of teleportation
 C - a scroll of holy word {unknown}
 D - a scroll of immolation {unknown}
Potions
 f - a potion of invisibility
 h - 2 potions of ambrosia
 i - 4 potions of curing
 k - a potion of flight
 l - a potion of degeneration {unknown}
 p - 3 potions of magic
 u - a potion of haste {unknown}
 v - 2 potions of brilliance {unknown}
 x - a potion of might {unknown}
 B - a potion of berserk rage


   Skills:
 + Level 6.4 Fighting
 + Level 6.6 Short Blades
 - Level 1.8 Throwing
 - Level 2.0 Armour
 - Level 1.0 Dodging
 * Level 9.9 Stealth


You had 8 spell levels left.
You didn't know any spells.
Your spell library contained the following spells:

 Spells                   Type           Power      Damage    Failure   Level
 Tukima's Dance           Hex            0%         N/A       77%         3
 Passage of Golubria      Tloc           0%         N/A       99%         4
 Yara's Violent Unravell  Hex/Tmut       0%         3d3       100%        5


Dungeon Overview and Level Annotations

Branches:
Dungeon (6/15)
 Temple: D:4-7

Altars:
Ashenzari
Dithmenos
Fedhas
Ru
Yredelemnul

Shops:
D:4 *   D:5 =


Innate Abilities, Weirdness & Mutations

You have razor-sharp teeth.
Your natural rate of healing is unusually fast.
When hurt, damage is shared between your health and your magic reserves.
Your bite disrupts and absorbs the magic of your enemies.
Potions cannot restore your health.


Message History

You barely miss Prince Ribbit. Your bite misses Prince Ribbit.
Prince Ribbit is moderately wounded.
Prince Ribbit closely misses you.
The shadow slips into darkness.
The shadow flickers and vanishes!
Deactivating autopickup; reactivate with Ctrl-A.
Prince Ribbit winks and puckers his lips.
Prince Ribbit barely misses you.
You closely miss Prince Ribbit.
Prince Ribbit is moderately wounded.
Prince Ribbit completely misses you.
You hit Prince Ribbit.
Prince Ribbit looks as sick as possible!
Prince Ribbit is moderately wounded.
Prince Ribbit barely misses you.
You hit Prince Ribbit.
Prince Ribbit looks as sick as possible!
Prince Ribbit is heavily wounded.
Prince Ribbit hits you!
You hit Prince Ribbit.
Prince Ribbit looks as sick as possible!
You bite Prince Ribbit.
Prince Ribbit's magic leaks into the air.
You drain his magic.
You feel invigorated.
Prince Ribbit is severely wounded.
Prince Ribbit hits you! Prince Ribbit barely misses you.
You closely miss Prince Ribbit. You bite Prince Ribbit.
Prince Ribbit's magic leaks into the air.
You drain his magic.
You feel invigorated.
Prince Ribbit is severely wounded.
Prince Ribbit hits you!
* * * LOW HITPOINT WARNING * * *
Unknown command.
Prince Ribbit falters for a moment.
Prince Ribbit attacks as you move away! Prince Ribbit completely misses you.
Prince Ribbit misses you.
You kill Prince Ribbit!
Prince Ribbit returns to his original shape as he dies.
The shadow strikes at you from the darkness!
You die...

### ...#
#######################....##
..........†.(...@{†S.........
....................###......
###################.# .....
#... ##.. ##..# . ########
.$# #......# ..# #......# #.#
#......# ..


You could see an adder.

Vanquished Creatures
  Pikel (D:5)
  Prince Ribbit (D:6)
  Sigmund (D:6)
  Eustachio (D:5)
  Edmund (D:5)
  A sky beast (D:5)
  A centaur (D:5)
  A phantom (D:6)
  A kobold brigand (D:5)
  Blork the orc (D:6)
  2 scorpions (D:6)
  3 wights
  A howler monkey (D:5)
  A jelly (D:4)
  A hound (D:2)
  2 orc priests
  4 iguanas
  2 orc wizards
  10 adders
  A white imp (D:5)
  2 dart slugs
  A worm (D:2)
  7 orcs
  3 bats
  2 endoplasms (D:2)
  4 giant cockroaches
  9 goblins
  9 hobgoblins
  4 jackals (D:3)
  5 quokkas
  8 ball pythons
  3 frilled lizards (D:2)
  15 kobolds
  4 rats
113 creatures vanquished.

Notes
Turn   | Place    | Note
-------+----------+-------------------------------------------
     0 | D:1      | zishaf the Vine Stalker Brigand began the quest for the
                  | Orb.
     0 | D:1      | Reached XP level 1. HP: 11/11 MP: 2/2
   304 | D:1      | Reached skill level 1 in Dodging
   304 | D:1      | Reached XP level 2. HP: 11/15 MP: 3/3
   428 | D:1      | Reached skill level 5 in Stealth
  1103 | D:2      | Reached XP level 3. HP: 4/18 MP: 2/4
  2600 | D:2      | Gained mutation: Your natural rate of healing is unusually
                  | fast. [Vine Stalker growth]
  2600 | D:2      | Reached XP level 4. HP: 20/23 MP: 5/5
  2706 | D:2      | Identified the +1 chain mail of the Gnashing Gods {rCorr}
  3125 | D:3      | Found a broken altar of Ashenzari.
  3165 | D:3      | Reached XP level 5. HP: 28/28 MP: 6/6
  3340 | D:3      | Reached skill level 6 in Stealth
  3562 | D:3      | Found a faded altar of an unknown god.
  3926 | D:4      | Reached XP level 6. HP: 30/32 MP: 3/7
  4259 | D:4      | Found a basalt altar of Yredelemnul.
  4553 | D:4      | Found Gilevep's General Store.
  4688 | D:4      | Found a blossoming altar of Fedhas.
  4769 | D:4      | Found a shadowy altar of Dithmenos.
  4778 | D:4      | Found a sacrificial altar of Ru.
  5079 | D:5      | Entered Level 5 of the Dungeon
  5152 | D:5      | Reached skill level 7 in Stealth
  5176 | D:5      | Reached XP level 7. HP: 35/37 MP: 6/8
  5186 | D:5      | Noticed Edmund
  5199 | D:5      | Killed Edmund
  5284 | D:5      | Noticed Pikel
  5293 | D:5      | Killed Pikel
  5294 | D:5      | Reached skill level 5 in Fighting
  5294 | D:5      | Reached skill level 5 in Short Blades
  5294 | D:5      | Reached skill level 8 in Stealth
  5294 | D:5      | Gained mutation: You have razor-sharp teeth. [Vine Stalker
                  | growth]
  5294 | D:5      | Reached XP level 8. HP: 43/43 MP: 9/9
  5482 | D:5      | Noticed Eustachio
  5497 | D:5      | Killed Eustachio
  5546 | D:5      | Found Mosyok's Jewellery Emporium.
  6350 | D:6      | Reached skill level 1 in Armour
  6451 | D:6      | Reached skill level 9 in Stealth
  6451 | D:6      | Reached XP level 9. HP: 48/48 MP: 10/10
  6501 | D:6      | Noticed Sigmund
  6501 | D:6      | Noticed Blork the orc
  6545 | D:6      | Killed Blork the orc
  6551 | D:6      | Killed Sigmund
  6645 | D:6      | Noticed Prince Ribbit
  6660 | D:6      | Killed Prince Ribbit
  6661 | D:6      | Mangled by a shadow

Illustrated notes

Levels and vault maps discovered:
D:1:      tarquinn_simple_flora_water_e, layout_basic,
          chequers_serial_rivers_micro_e
D:2:      minmay_recursive_quarters, layout_loops_ring,
          nicolae_concentric_dashed_squares_wild
D:3:      layout_loops_ring, ashenzari_altar_1,
          ebering_ecumenical_altar_abandoned
D:4:      layout_layer_cave, mainiacjoe_overflow_small_starburst,
          mainiacjoe_overflow_swirl, kennysheep_mini_moat, serial_shops,
          nicolae_take_the_stairs
D:5:      layout_layer_cave, serial_shops, kennysheep_mini, uniq_eustachio,
          uniq_edmund, uniq_pikel
D:6:      layout_basic, uniq_sigmund, uniq_grinder, uniq_prince_ribbit1,
          uniq_blork_the_orc

Skill      XL: |  1  2  3  4  5  6  7  8  9 |
---------------+----------------------------+-----
Dodging        | 1 |  1.0
Fighting       | 2 3 4 5 6 |  6.4
Short Blades   | 2 3 4 5 6 |  6.6
Stealth        | 5 6 7 8 9 |  9.9
Armour         | 1 2 |  2.0
Throwing       | |  1.8

Action                   |  1- 3 |  4- 6 |  7- 9 || total
-------------------------+-------+-------+-------++-------
Melee: Dagger            |    95 |   231 |    15 ||   341
       Bite              |    24 |    52 |    27 ||   103
       Punch             |     1 |     7 |     1 ||     9
       Rapier            |       |       |    69 ||    69
 Fire: Hunting sling     |       |     3 |       ||     3
Throw: Dart              |     6 |     5 |    24 ||    35
  Use: Scroll            |       |    11 |     4 ||    15
 Stab: Sleeping          |     8 |     6 |     2 ||    16
       Distracted        |       |     1 |     1 ||     2
Armor: Robe              |    17 |    48 |     2 ||    67
       Leather armour    |       |       |    23 ||    23
Dodge: Dodged            |   101 |   151 |    49 ||   301

Table legend: (Time is in decaauts)
 A = Elapsed time spent in this place.
 B = Non-inter-level travel time spent in this place.
 C = Inter-level travel time spent in this place.
 D = Time resting spent in this place.
 E = Time spent auto-exploring this place.
 F = Levels seen in this place.
 G = Mean time per level.
                   A        B        C        D        E       F      G
               +--------+--------+--------+--------+--------+-----+--------+
         Total |   6604 |   6416 |    188 |    776 |   4280 |   6 | 1100.7 |
       Dungeon |   6604 |   6416 |    188 |    776 |   4280 |   6 | 1100.7 |
               +--------+--------+--------+--------+--------+-----+--------+

Top non-repeatable levels by time:
     D:1: 1746 daAuts
     D:2: 1297 daAuts
     D:4: 1243 daAuts
     D:5: 1222 daAuts
     D:3: 795 daAuts
     D:6: 298 daAuts
